 Dungeon Crawl Stone Soup version 0.30-b1-5-g8e6c1be481 (webtiles) character file.

Game seed: 2303150504136025815

293 croobank the Firebug (level 6, -8/44 HPs)
             Began as a Demonspawn Fire Elementalist on May 3, 2023.
             Killed from afar by Ijyb (20 damage)
             ... with a bolt of acid
             ... on level 4 of the Dungeon on May 4, 2023.
             The game lasted 00:13:00 (4236 turns).

croobank the Firebug (Demonspawn Fire Elementalist) Turns: 4236, Time: 00:13:00

Health: -8/44      AC: -2    Str:  8    XL:     6   Next: 11%
Magic:  8/10       EV: 12    Int: 19    God:
Gold:   157        SH:  0    Dex: 13    Spells: 8/11 levels left

rFire   . . .        h - +0 short sword (venom)
rCold   . . .        (no shield)
rNeg    . . .        a - +0 robe
rPois   .            (no helmet)
rElec   .            (no cloak)
rCorr   .            (no gloves)
SInv    .            (no boots)
Will    .....        u - amulet of magic regeneration
Stlth   ++           (no ring)
HPRegen 0.27/turn    (no ring)
MPRegen 0.52/turn

%: no passive effects
@: corroded
A: hooves 1, powered by pain 1
a: no special abilities


You were on level 4 of the Dungeon.
You visited 1 branch of the dungeon, and saw 4 of its levels.

You collected 171 gold pieces.
You spent 14 gold pieces at shops.

Inventory:

Hand Weapons
 c - a +0 dagger
 h - a +0 short sword of venom (weapon)
 j - a +0 spear
 o - a +0 sling
 s - a +0 quarterstaff
Missiles
 p - 9 poisoned darts (quivered)
 v - 2 boomerangs
 y - 4 atropa-tipped darts
Armour
 a - a +0 robe (worn)
 d - a +0 ring mail
 i - a +1 buckler
 q - a +0 leather armour
 t - an orb of light
Magical Staves
 b - a staff of earth
Jewellery
 u - an amulet of magic regeneration (around neck)
Wands
 w - a wand of flame (17)
Scrolls
 k - 3 scrolls of teleportation
 l - a scroll of amnesia
 n - a scroll of noise
 z - a scroll of blinking {unknown}
 A - a scroll of identify
 B - a scroll of immolation {unknown}
Potions
 e - 2 potions of curing
 f - a potion of berserk rage {unknown}
 g - 2 potions of haste
 m - 2 potions of might
 r - a potion of degeneration {unknown}
 x - a potion of flight {unknown}


   Skills:
 + Level 2.1 Fighting
 + Level 2.8 Dodging
 + Level 2.9 Stealth
 + Level 3.0 Spellcasting
 + Level 2.5 Conjurations
 + Level 3.5 Fire Magic


You had 8 spell levels left.
You knew the following spells:

 Your Spells              Type           Power      Damage    Failure   Level
a - Foxfire               Conj/Fire      56%        2x1d6     4%          1
b - Scorch                Fire           32%        2d6       5%          2

Your spell library contained the following spells:

 Spells                   Type           Power      Damage    Failure   Level
 Sandblast                Erth           4%         2d4       16%         1
 Passwall                 Tmut/Erth      1%         N/A       22%         2
 Inner Flame              Hex/Fire       9%         N/A       22%         3
 Volatile Blastmotes      Fire/Tloc      18%        2d11      22%         3
 Stone Arrow              Conj/Erth      14%        3d7       26%         3
 Gell's Gravitas          Tloc           2%         N/A       41%         3
 Teleport Other           Tloc           2%         N/A       41%         3
 Flame Wave               Conj/Fire      14%        2d6       41%         4
 Dispersal                Tloc           1%         N/A       100%        6


Dungeon Overview and Level Annotations

Branches:
Dungeon (4/15)
 Temple: D:4-7

Altars:

Shops:
D:2 *

Annotations:
D:4 Ijyb


Innate Abilities, Weirdness & Mutations

You have large cloven feet.
You sometimes gain a little power by taking damage.


Message History

You see here a giant cockroach corpse.
B - a scroll labelled SEONWA XOLL
Things that are here:
a +0 short sword; 5 stones; a kobold corpse Ijyb the Twisted Goblin comes into view.
She is wielding a +0 club and carrying a wand of acid (9).
Casting: Scorch (safe; 5% risk of failure)
Confirm with . or Enter, or press ? or * to list all spells.
You conjure some foxfire!
Ijyb shouts!
Casting: Foxfire (safe; 4% risk of failure)
Confirm with . or Enter, or press ? or * to list all spells.
You conjure some foxfire!
Your foxfire dissipates!
Casting: Foxfire (safe; 4% risk of failure)
Confirm with . or Enter, or press ? or * to list all spells.
You conjure some foxfire!
Your foxfire dissipates! x2
Your foxfire dissipates!
The foxfire hits Ijyb.
Ijyb is lightly wounded.
The foxfire hits Ijyb.
Ijyb is lightly wounded.
Casting: Foxfire (safe; 4% risk of failure)
Confirm with . or Enter, or press ? or * to list all spells.
Flames lash Ijyb.
Ijyb is moderately wounded.
Ijyb's fire resistance burns away.
Ijyb zaps a wand.
The bolt of acid hits you!
Casting: Scorch (safe; 5% risk of failure)
Confirm with . or Enter, or press ? or * to list all spells.
Flames lash Ijyb.
Ijyb is burned terribly!
Ijyb is severely wounded.
Ijyb zaps a wand.
The bolt of acid hits you!!
* * * LOW HITPOINT WARNING * * *
You focus on the pain.
You feel your power returning. The acid corrodes you!
Casting: Scorch (safe; 5% risk of failure)
Confirm with . or Enter, or press ? or * to list all spells.
Flames lash Ijyb.
Ijyb is burned terribly!
Ijyb is almost dead.
Ijyb zaps a wand.
The bolt of acid hits you!!
You die...

...... ..... .... ... .. #.
##g###########
#..@.......... .>.
#...#...................
#...#...................
#...##....####.##..##..#
#...##....####.##†.##..# .
#....................... #.
#...##..................
##.##...##).................
#.<.....†...................


You could see Ijyb (combustible).

Vanquished Creatures
  A jelly (D:4)
  Natasha (thrice) (D:2)
  4 gnolls
  4 adders
  3 river rats (D:3)
  3 worms
  A dart slug (D:2)
  2 orcs (D:3)
  12 ball pythons
  5 endoplasms (D:1)
  4 giant cockroaches
  10 goblins
  6 hobgoblins
  A quokka (D:2)
  6 bats
  7 kobolds
  9 rats
81 creatures vanquished.

Vanquished Creatures (others)
  172 foxfires
172 creatures vanquished.

Grand Total: 253 creatures vanquished

Notes
Turn   | Place    | Note
-------+----------+-------------------------------------------
     0 | D:1      | croobank the Demonspawn Fire Elementalist began the quest
                  | for the Orb.
     0 | D:1      | Reached XP level 1. HP: 13/13 MP: 3/3
   257 | D:1      | Gained mutation: You have large cloven feet. [demonic
                  | ancestry]
   257 | D:1      | Reached XP level 2. HP: 19/19 MP: 1/5
   260 | D:1      | Learned a level 2 spell: Scorch
  1162 | D:2      | Found Zakhloq's General Store.
  1312 | D:2      | Reached XP level 3. HP: 25/25 MP: 2/6
  1561 | D:2      | Reached skill level 1 in Fighting
  1724 | D:2      | Gained mutation: You sometimes gain a little power by
                  | taking damage. [demonic ancestry]
  1724 | D:2      | Reached XP level 4. HP: 32/32 MP: 2/7
  1779 | D:2      | Bought a scroll of noise for 14 gold pieces
  1968 | D:2      | Noticed Natasha
  1978 | D:2      | Killed Natasha
  1996 | D:2      | Noticed Natasha
  2012 | D:2      | Killed Natasha
  2230 | D:2      | Reached XP level 5. HP: 37/37 MP: 5/9
  2733 | D:2      | Noticed Natasha
  2852 | D:2      | Killed Natasha
  3622 | D:3      | Found a glowing drain.
  4181 | D:4      | Reached XP level 6. HP: 44/44 MP: 7/10
  4227 | D:4      | Noticed Ijyb
  4236 | D:4      | Killed from afar by Ijyb

Illustrated notes

Levels and vault maps discovered:
D:1:      spicycebolla_green_bress_n_ham_2, layout_basic, roderic_roman_lattice,
          minivault_14
D:2:      layout_loops_ring, basic_altar, serial_shops,
          nicolae_shop_statue_plus, uniq_natasha
D:3:      layout_basic, portal_sewer_entry_a, chequers_arboretum,
          kennysheep_pointless_box
D:4:      layout_gridville, nicolae_uskayaw_en_pointe,
          kennysheep_generic_room_4, uniq_ijyb

Skill      XL: |  1  2  3  4  5 |
---------------+----------------+-----
Stealth        | 2 |  2.9
Dodging        | 2 |  2.8
Fighting       | 1 2 |  2.1
Fire Magic     | 3 |  3.5
Conjurations   | 2 |  2.5
Spellcasting   | 3 |  3.0

Action                     |  1- 3 |  4- 6 || total
---------------------------+-------+-------++-------
  Melee: Dagger            |     9 |    14 ||    23
         Kick              |     2 |     8 ||    10
         Short sword       |       |    21 ||    21
  Throw: Dart              |     2 |       ||     2
   Cast: Foxfire           |    59 |    44 ||   103
         Scorch            |    10 |    43 ||    53
    Use: Potion            |       |     3 ||     3
         Scroll            |       |    10 ||    10
 Armour: Robe              |     3 |     7 ||    10
  Dodge: Dodged            |    12 |    38 ||    50
